 Dungeon Crawl Stone Soup version 0.29.0-4-gdea44cf6ec (webtiles) character file.

Game seed: 4050952231795388468

34 qw the Chopper (level 3, -1/21 HPs)
             Began as a Tengu Warper on Aug 28, 2022.
             Killed from afar by Robin (5 damage)
             ... with a puff of flame
             ... on level 2 of the Dungeon.
             The game lasted 00:00:06 (1030 turns).

qw the Chopper (Tengu Warper)                       Turns: 1030, Time: 00:00:07

Health: -1/21      AC:  4    Str: 13    XL:     3   Next: 31%
Magic:  7/7        EV: 12    Int: 13    God:
Gold:   52         SH:  0    Dex: 13    Spells: 6/6 levels left

rFire   . . .      SeeInvis .   Y - +0 hand axe
rCold   . . .      Faith    .   (no shield)
rNeg    . . .      Spirit   .   b - +0 leather armour
rPois   .          Reflect  .   (helmet restricted)
rElec   .          Harm     .   (no cloak)
rCorr   .          Rampage  .   f - +0 pair of gloves
Will    .....                   (boots unavailable)
Stlth   +.........              (no amulet)
HPRegen 0.07/turn               (no ring)
MPRegen 0.10/turn               (no ring)

@: no status effects
A: beak, talons 3
a: no special abilities


You were on level 2 of the Dungeon.
You visited 1 branch of the dungeon, and saw 2 of its levels.

You collected 52 gold pieces.


Innate Abilities, Weirdness & Mutations

You have a beak for a mouth.
You have claws for feet.


   Skills:
 - Level 2.0 Fighting
 + Level 4.0 Axes
 - Level 1.0 Throwing
 - Level 1.1 Armour
 - Level 2.1 Dodging
 - Level 2.0 Spellcasting
 - Level 2.4 Translocations


You had 6 spell levels left.
You didn't know any spells.
Your spell library contained the following spells:

 Spells                   Type           Power      Damage    Failure   Level
 Blink                    Tloc           14%        N/A       19%         2
 Gell's Gravitas          Tloc           7%         N/A       36%         3
 Lesser Beckoning         Tloc           7%         N/A       36%         3
 Teleport Other           Tloc           7%         N/A       36%         3
 Manifold Assault         Tloc           7%         N/A       98%         5

Inventory:

Hand Weapons
 h - a +0 whip
 Y - a +0 hand axe (weapon)
Armour
 b - a +0 leather armour (worn)
 f - a +0 pair of gloves (worn)
Jewellery
 i - a ring of ice
Scrolls
 a - a scroll of identify
Potions
 d - a potion of heal wounds {unknown}
 g - a potion of ambrosia {unknown}

Dungeon Overview and Level Annotations

Branches:
Dungeon (2/15)

Altars:

Annotations:
D:2 Robin


Message History

The goblin shouts! x3; The hobgoblin shouts!
The goblin shouts!
You closely miss the goblin.
A goblin comes into view. It is wielding a +0 club.
The goblin unwields a +0 sling.
The goblin wields a +0 dagger.
The goblin hits you but does no damage.
You closely miss the goblin.
Robin shouts!
You claw the goblin.
You kill the goblin!
You barely miss the goblin. The goblin hits you with a +0 club.
You hit the goblin.
You kill the goblin!
1021 ||| Stepping ~*~*~tactically~*~*~ (hiding).
You hit the goblin.
You kill the goblin!
You hit the goblin.
You kill the goblin!
Your Axes skill increases to level 4!
You hit the goblin but do no damage. The goblin hits you but does no damage.
You miss the goblin. Your kick misses the goblin.
A hobgoblin comes into view.
You barely miss the goblin. You peck the goblin.
You kill the goblin!
You hit the goblin. Robin closely misses you. The goblin misses you.
You closely miss the goblin. You claw the goblin.
You kill the goblin!
Robin zaps a wand.
The puff of flame hits you.
Robin zaps a wand.
The puff of flame hits you!
A hobgoblin and a goblin come into view.
The hobgoblin shouts!
The goblin shouts!
You hear a shout!
A goblin comes into view. It is wielding a +0 club.
The hobgoblin moves out of view.
Items here: %% )).
You hit Robin. Your kick misses Robin.
Robin is moderately wounded.
Robin zaps a wand.
The puff of flame hits you.
You die...

. ##.
###########$..
#<........#.#
#####...$...#
#)..)..##
#..)@g##
#.###)# #.# g#
#.# g# #.# g#
#.. g. .# .#


You could see Robin, 2 hobgoblins and 2 goblins.

Vanquished Creatures
  A dart slug (D:1)
  A ball python (D:1)
  2 endoplasms (D:1)
  12 goblins
  2 hobgoblins (D:1)
  2 quokkas (D:1)
  2 bats (D:1)
  A frilled lizard (D:1)
  2 kobolds (D:1)
  A rat (D:1)
26 creatures vanquished.

Notes
Turn   | Place    | Note
-------+----------+-------------------------------------------
     0 | D:1      | qw the Tengu Warper began the quest for the Orb.
     0 | D:1      | Reached XP level 1. HP: 12/12 MP: 4/4
     0 | D:1      | 0 ||| qw: Version: 0.1-a-89-g26bdef1
     0 | D:1      | 0 ||| qw: Game counter: 3395
     0 | D:1      | 0 ||| qw: Always use a shield: true
     0 | D:1      | 0 ||| qw: God list: Okawaru
     0 | D:1      | 0 ||| qw: Allow faded altars: false
     0 | D:1      | 0 ||| qw: Do Orc after D:15 true
     0 | D:1      | 0 ||| qw: Do second Lair branch before Depths: true
     0 | D:1      | 0 ||| qw: Lair rune preference: random
     0 | D:1      | 0 ||| qw: Plans: Normal
     0 | D:1      | 0 ||| PLANNING D:1-11
   250 | D:1      | 250 ||| Stepping ~*~*~tactically~*~*~ (stealth).
   279 | D:1      | 279 ||| DROPPING +0 club.
   361 | D:1      | Reached skill level 3 in Axes
   361 | D:1      | Reached XP level 2. HP: 17/17 MP: 6/6
   362 | D:1      | Found a faded altar of an unknown god.
   428 | D:1      | 428 ||| Stepping ~*~*~tactically~*~*~ (stealth).
   431 | D:1      | 431 ||| Stepping ~*~*~tactically~*~*~ (stealth).
   433 | D:1      | 433 ||| Stepping ~*~*~tactically~*~*~ (stealth).
   434 | D:1      | 434 ||| Stepping ~*~*~tactically~*~*~ (stealth).
   437 | D:1      | 437 ||| Stepping ~*~*~tactically~*~*~ (stealth).
   787 | D:1      | Reached XP level 3. HP: 21/21 MP: 7/7
   856 | D:1      | 856 ||| UPGRADING to +0 pair of gloves.
   861 | D:1      | 861 ||| READING 2 scrolls labelled UTUGUOWOUSCH.
   862 | D:1      | 862 ||| READING scroll labelled PEOWIEHAICW.
   865 | D:1      | 865 ||| READING 3 scrolls labelled RESTRE FEGINN.
   982 | D:1      | 982 ||| DROPPING scroll of blinking.
   983 | D:1      | 983 ||| DROPPING 2 scrolls of torment.
  1017 | D:2      | Noticed Robin
  1021 | D:2      | 1021 ||| Stepping ~*~*~tactically~*~*~ (hiding).
  1025 | D:2      | Reached skill level 4 in Axes
  1028 | D:2      | HP: 4/21 [Robin/puff of flame (10)]
  1030 | D:2      | Killed from afar by Robin

Levels and vault maps discovered:
D:1:      minmay_arrival_widening_spiral_wide, layout_loops_ring,
          chequers_ecumenical_altar_simple_redux
D:2:      kb_forest_paths, layout_basic, uniq_robin

Skill      XL: |  1  2  3 |
---------------+----------+-----
Axes           | 3 4 |  4.0
Fighting       | |  2.0
Throwing       | |  1.0
Armour         | |  1.1
Dodging        | |  2.1
Spellcasting   | |  2.0
Translocations | |  2.4

Action                   || total
-------------------------++-------
Melee: Hand axe          ||    43
       Kick              ||     9
       Peck              ||     3
Throw: Boomerang         ||     7
  Use: Scroll            ||     3
 Stab: Sleeping          ||     1
Armor: Leather armour    ||     7
Dodge: Dodged            ||    17

Table legend:
 A = Non-vault XP
 B = Vault XP
 C = Vault XP percentage of total XP
 D = Non-vault monster count
 E = Vault monster count
 F = Vault count percentage of total count
                 A         B        C        D         E       F
            +---------+---------+-------+---------+---------+-------
      Total |      37 |      12 |  24.5 |      20 |       6 |  23.1
            +---------+---------+-------+---------+---------+-------
        D:1 |      35 |       0 |   0.0 |      19 |       0 |   0.0
        D:2 |       2 |      12 |  85.7 |       1 |       6 |  85.7
            +---------+---------+-------+---------+---------+-------
